 Dungeon Crawl Stone Soup version 0.29-a0-887-gcbe080d7e0 (webtiles) character file.

Game seed: 16440055819935782356

27536 Aurophilus the Fighter (level 13, -1/144 HPs)
             Began as an Ogre Gladiator on July 21, 2022.
             Slain by a four-headed hydra (9 damage)
             ... on level 5 of the Lair of Beasts.
             The game lasted 00:50:45 (18050 turns).

Aurophilus the Fighter (Ogre Gladiator)            Turns: 18050, Time: 00:50:45

Health: -1/144     AC: 11    Str: 28    XL:     13   Next: 33%
Magic:  10/14      EV: 13    Int:  9    God:
Gold:   948        SH:  0    Dex: 16    Spells: 11/13 levels left

rFire   + . .      SeeInvis +   h - +7 dire flail of Filigreed Prudence {drain, rElec rN+ Will- Str+3}
rCold   . . .      Faith    .   (shield currently unavailable)
rNeg    + . .      Spirit   .   v - +3 steam dragon scales
rPois   .          Reflect  .   c - +0 hat
rElec   +          Harm     .   g - +0 cloak
rCorr   .          Rampage  .   (gloves unavailable)
Will    .....      Clarity  +   (boots unavailable)
Stlth   ++........              H - amulet of the acrobat
HPRegen 0.34/turn               j - +6 ring of dexterity
MPRegen 0.14/turn               w - ring of see invisible

@: on blink cooldown, very slow
A: large, unfitting armour, tough skin 1, clarity, fire resistance 1
a: no special abilities


You were on level 5 of the Lair of Beasts.
You visited 2 branches of the dungeon, and saw 13 of its levels.

You collected 948 gold pieces.

Inventory:

Hand Weapons
 a - a +0 war axe
 h - the +7 dire flail of Filigreed Prudence (weapon) {drain, rElec rN+ Will- Str+3}
   (You took it off an ogre on level 4 of the Dungeon)

   A truly terrible weapon, it drains the life of any living foe it strikes.
   Str:       It affects your strength (+3).
   rElec:     It insulates you from electricity.
   rN:        It protects you from negative energy.
   Will:      It decreases your willpower.
 m - the +1 mace of the Zealous God {freeze, *Slow Fly rN+ Dex+9}
   (You found it on level 2 of the Dungeon)

   It freezes those it strikes, dealing additional cold damage.
   It can also slow down cold-blooded creatures.
   Dex:       It affects your dexterity (+9).
   rN:        It protects you from negative energy.
   Fly:       It grants you flight.
   *Slow:     It may slow you when you take damage.
 F - the +1 war axe of the Shrike {vorpal, rF+ rN+ MP+9 Dex+2}
   (You found it on level 7 of the Dungeon)

   It inflicts extra damage upon your enemies.
   Dex:       It affects your dexterity (+2).
   rF:        It protects you from fire.
   rN:        It protects you from negative energy.
   MP:        It affects your magic capacity (+9).
Missiles
 d - 3 throwing nets (quivered)
 D - 3 large rocks
Armour
 b - a +0 robe
 c - a +0 hat (worn)
 g - a +0 cloak (worn)
 s - a +2 robe of the Archmagi
 v - +3 steam dragon scales (worn)
 Q - an orb of energy
Jewellery
 i - a +4 ring of evasion
 j - a +6 ring of dexterity (left hand)
 p - a ring of magical power
 w - a ring of see invisible (right hand)
 A - a ring of ice
 H - an amulet of the acrobat (around neck)
 L - a ring of ice
Wands
 n - a wand of polymorph (3)
 y - a wand of roots (15)
 z - a wand of flame (6)
 E - a wand of paralysis (4)
 N - a wand of quicksilver (6)
Scrolls
 f - 2 scrolls of poison
 o - a scroll of magic mapping
 q - a scroll of blinking
 r - a scroll of teleportation
 x - a scroll of butterflies
 C - 2 scrolls of fear
 J - a scroll of vulnerability
 K - a scroll of brand weapon
 P - 2 scrolls of amnesia {unknown}
Potions
 e - a potion of magic
 k - 5 potions of brilliance
 l - 3 potions of lignification
 t - 2 potions of invisibility
 u - a potion of might
 B - 2 potions of heal wounds
 G - 2 potions of haste
 I - 2 potions of resistance
 M - a potion of attraction
Miscellaneous
 O - a condenser vane


   Skills:
 * Level 13.6 Fighting
 - Level 6.6(11.5) Axes
 * Level 13.3(13.9) Maces & Flails
 - Level 2.0 Throwing
 * Level 6.5 Armour
 + Level 6.6 Dodging
 - Level 1.0 Stealth
 + Level 0.6 Spellcasting
 * Level 5.5 Translocations


You had 11 spell levels left.
You knew the following spells:

 Your Spells              Type           Power      Damage    Failure   Level
a - Blink                 Tloc           20%        N/A       6%          2

Your spell library contained the following spells:

 Spells                   Type           Power      Damage    Failure   Level
 Lesser Beckoning         Tloc           10%        N/A       12%         3
 Freeze                   Ice            0%         1d3       36%         1
 Static Discharge         Conj/Air       0%         3-3/arc   50%         2
 Manifold Assault         Tloc           10%        N/A       73%         5
 Corpse Rot               Necr/Pois/Air  0%         N/A       98%         4
 Dispel Undead            Necr           0%         3d6       98%         4
 Hailstorm                Conj/Ice       0%         3d3       98%         4
 Ice Form                 Ice/Tmut       0%         N/A       98%         4
 Leda's Liquefaction      Hex/Erth       0%         N/A       98%         4
 Petrify                  Tmut/Erth      0%         N/A       98%         4
 Summon Forest            Summ/Tloc      2%         N/A       98%         5
 Lee's Rapid Deconstruct  Erth           0%         3d5*      100%        5
 Lightning Bolt           Conj/Air       0%         1d11      100%        5
 Metabolic Englaciation   Hex/Ice        0%         N/A       100%        5
 Death Channel            Necr           0%         N/A       100%        6
 Eringya's Noxious Bog    Tmut/Pois      0%         N/A       100%        6
 Simulacrum               Ice/Necr       0%         N/A       100%        6
 Statue Form              Tmut/Erth      0%         N/A       100%        6
 Ozocubu's Refrigeration  Ice            0%         4d5       100%        7
 Summon Hydra             Summ           0%         N/A       100%        7
 Maxwell's Capacitive Co  Air            0%         ∞         100%        8


Dungeon Overview and Level Annotations

Branches:
Dungeon (8/15)             Temple (0/1) D:5            Lair (5/5) D:8
 Shoals (0/4) Lair:3        Snake (0/4) Lair:3
  Slime: Lair:4-5

Altars:
Ashenzari
Fedhas
Hepliaklqana
Kikubaaqudgha
Sif Muna
Trog
Uskayaw
Wu Jian
Xom
Yredelemnul
Zin
Jiyva
Lugonu

Portals:
Abyss: D:7

Annotations:
Lair:5 3 runed translucent doors, exclusion: oklob plant, Hetipnorha's ghost, journeyman DgHu


Innate Abilities, Weirdness & Mutations

You are too large for most types of armour.
You have tough skin. (AC +1)
You possess an exceptional clarity of mind.
Your flesh is heat resistant. (rF+)


Message History

You feel sick.
The cane toad stings you but does no damage.
You feel stable enough to blink again.
You feel sick.
You are no longer poisoned.
The cane toad stings you.
* * * LOW HITPOINT WARNING * * *
The cane toad completely misses you. The cane toad misses you.
The cane toad stings you but does no damage.
The four-headed hydra bites you!
* * * LOW HITPOINT WARNING * * *
The four-headed hydra bites you but does no damage.
The four-headed hydra bites you!
* * * LOW HITPOINT WARNING * * *
The four-headed hydra bites you.
* * * LOW HITPOINT WARNING * * *
Casting: Blink (safe; 6% risk of failure)
Confirm with . or Enter, or press ? or * to list all spells.
You blink.
Casting: Blink (safe; 6% risk of failure)
Confirm with . or Enter, or press ? or * to list all spells.
You are still too unstable to blink.
The yak attacks as you move away! The yak gores you but does no damage.
You enter the shallow water.
Moving in this stuff is going to be slow.
The yak completely misses you. The bullfrog completely misses you.
Casting: Blink (safe; 6% risk of failure)
Confirm with . or Enter, or press ? or * to list all spells.
You are still too unstable to blink.
The bullfrog completely misses you. The tyrant leech misses you.
The four-headed hydra misses you.
The four-headed hydra completely misses you. x2
The four-headed hydra misses you. The bullfrog completely misses you.
The yak misses you.
You feel much better. The tyrant leech bites you!
* * * LOW HITPOINT WARNING * * *
The tyrant leech draws strength from your injuries!
The four-headed hydra bites you!
You die...

#............ ≈≈≈≈≈≈≈P≈
##≈≈≈.P....... ≈≈≈≈≈≈≈≈≈
#≈P≈.......... . ≈≈≈≈≈≈≈≈≈
#≈≈≈..≈....... ..
≈≈≈≈≈≈≈≈###≈≈≈≈.........
..
≈≈≈P≈≈≈≈≈≈##.≈≈≈≈≈.≈.P...#
..
≈≈≈P≈≈≈≈≈##.≈≈.≈≈....###.
.. ≈≈≈≈≈.≈.##≈Y≈≈≈≈.....
.. #≈≈≈.≈D@##Y≈≈≈≈≈..≈..
.. #≈≈.≈≈wFY#≈.Y≈#≈≈≈. ..
#≈≈≈≈≈FYY#≈Y≈##≈≈..
....≈≈#####≈≈≈?YYY≈≈###
≈.. ...≈≈≈##≈≈≈≈≈$$?≈≈≈≈#
#..≈≈≈#≈≈≈≈#≈?(≈P.≈≈#
##≈..≈≈≈P≈≈≈#≈≈P≈.≈≈≈#
#≈...≈P≈≈≈≈≈##≈≈.≈≈≈≈≈≈
#...≈≈≈≈≈≈.##.≈P≈≈≈≈P≈≈


You could see a four-headed hydra (drained), a tyrant leech, 6 yaks, a cane toad
and a bullfrog.

Vanquished Creatures
  2 hydras (Lair:4)
  Fannar (Lair:1)
  A boulder beetle (Lair:5)
  Sonja (Lair:5)
  A goliath frog (Lair:5)
  A lindwurm (Lair:5)
  2 black mambas
  A merfolk siren (Lair:3)
  A torpor snail (Lair:3)
  Maggie (D:6)
  14 cane toads
  2 rime drakes
  6 komodo dragons
  3 polar bears
  14 blink frogs
  2 tyrant leeches (Lair:5)
  9 dream sheep
  Sigmund (D:5)
  A wyvern (Lair:4)
  17 yaks
  A basilisk (Lair:2)
  3 steam dragons
  5 vampire mosquitoes
  2 nagas (Lair:3)
  2 acid dragons (D:8)
  12 water moccasins
  2 hornet zombies (D:8)
  2 black bears
  2 sky beasts
  An ogre (D:4)
  17 wolves
  4 centaurs
  3 phantoms
  The ghost of jimonade the Shooter, an amateur DEHu (D:4)
  3 kobold brigands (D:6)
  7 bullfrogs
  2 gnoll sergeants (D:7)
  7 scorpions
  3 necrophages
  3 wights (D:8)
  2 howler monkeys
  3 electric eels
  4 centaur zombies (D:8)
  3 hounds
  A human zombie (D:8)
  2 jellies
  A gnoll bouda (D:7)
  An orc priest (D:4)
  Natasha (thrice) (D:4)
  3 iguanas
  4 orc wizards
  3 killer bee zombies (D:8)
  8 adders
  2 white imps (D:7)
  An ufetubus (D:5)
  4 worms
  3 dart slugs
  23 orcs
  3 bats
  5 endoplasms
  5 giant cockroaches
  6 goblins
  10 hobgoblins
  2 quokkas
  11 ball pythons
  5 frilled lizards
  10 kobolds
  9 rats
300 creatures vanquished.

Vanquished Creatures (others)
  10 fungi
  2 lurking horrors (D:7)
  79 plants
91 creatures vanquished.

Grand Total: 391 creatures vanquished

Notes
Turn   | Place    | Note
-------+----------+-------------------------------------------
     0 | D:1      | Aurophilus the Ogre Gladiator began the quest for the Orb.
     0 | D:1      | Reached XP level 1. HP: 22/22 MP: 1/1
   211 | D:1      | Reached XP level 2. HP: 29/31 MP: 2/2
   710 | D:1      | Reached XP level 3. HP: 37/37 MP: 3/3
  1268 | D:2      | Identified the +1 mace of the Zealous God {freeze, *Slow
                  | Fly rN+ Dex+9}
  1400 | D:2      | You fall into a shaft and drop 1 floor!
  1700 | D:2      | Reached XP level 4. HP: 41/45 MP: 4/4
  2298 | D:3      | Reached skill level 1 in Armour
  2298 | D:3      | Reached XP level 5. HP: 51/54 MP: 5/5
  2974 | D:3      | Found a faded altar of an unknown god.
  3547 | D:4      | Reached skill level 5 in Axes
  3702 | D:4      | Found a transporter.
  3702 | D:4      | Noticed Natasha
  3703 | D:4      | Identified the +7 dire flail of Filigreed Prudence {drain,
                  | rElec rN+ Will- Str+3}
  3703 | D:4      | Noticed an ogre
  3703 | D:4      | Noticed jimonade's ghost (amateur DEHu)
  3710 | D:4      | Killed Natasha
  3845 | D:4      | Reached XP level 6. HP: 16/63 MP: 6/6
  4373 | D:4      | Found a hazy altar of Hepliaklqana.
  4487 | D:4      | Reached XP level 7. HP: 17/71 MP: 7/7
  4495 | D:4      | HP: 3/71 [poisoned by a scorpion]
  4916 | D:4      | Reached skill level 5 in Fighting
  5062 | D:4      | Noticed Natasha
  5076 | D:4      | Killed Natasha
  5235 | D:4      | Found a transporter.
  5245 | D:4      | Reached skill level 1 in Stealth
  5250 | D:4      | Killed jimonade's ghost
  5508 | D:4      | Noticed Natasha
  5543 | D:4      | Killed Natasha
  5569 | D:5      | Entered Level 5 of the Dungeon
  5584 | D:5      | Found a broken altar of Ashenzari.
  5636 | D:5      | Noticed Sigmund
  5652 | D:5      | Reached skill level 1 in Maces & Flails
  5684 | D:5      | Killed Sigmund
  5685 | D:5      | Reached XP level 8. HP: 47/84 MP: 8/8
  6052 | D:5      | Found a shimmering altar of Xom.
  6277 | D:5      | Found a staircase to the Ecumenical Temple.
  6649 | D:5      | Found a blossoming altar of Fedhas.
  6851 | D:6      | Noticed Maggie
  6866 | D:6      | Killed Maggie
  6867 | D:6      | Reached XP level 9. HP: 84/96 MP: 9/9
  6990 | D:6      | Found a glowing silver altar of Zin.
  7272 | D:6      | Reached skill level 5 in Maces & Flails
  7949 | D:6      | Learned a level 2 spell: Blink
  8465 | D:7      | Reached skill level 1 in Translocations
  8720 | D:7      | Found a one-way gate to the infinite horrors of the Abyss.
  8728 | D:7      | Found a corrupted altar of Lugonu.
  9139 | D:7      | Reached XP level 10. HP: 103/107 MP: 10/10
  9208 | D:7      | Found a shimmering blue altar of Sif Muna.
  9224 | D:7      | Identified the +1 war axe of the Shrike {vorpal, rF+ rN+
                  | MP+9 Dex+2}
  9246 | D:7      | Found a bloodstained altar of Trog.
  9638 | D:8      | Found a hide-covered altar of Uskayaw.
  9904 | D:8      | Found a basalt altar of Yredelemnul.
  9941 | D:8      | Found an ornate altar of the Wu Jian Council.
  9941 | D:8      | Found an ancient bone altar of Kikubaaqudgha.
 10160 | D:8      | Found a staircase to the Lair.
 10282 | Lair:1   | Entered Level 1 of the Lair of Beasts
 10498 | Lair:1   | Noticed Fannar
 10512 | Lair:1   | Killed Fannar
 10513 | Lair:1   | Reached skill level 10 in Fighting
 10695 | Lair:1   | Noticed a black mamba
 10707 | Lair:1   | Killed a black mamba
 10723 | Lair:1   | Reached XP level 11. HP: 34/119 MP: 11/11
 11119 | Lair:1   | Reached skill level 5 in Dodging
 11450 | Lair:1   | Reached skill level 10 in Maces & Flails
 12038 | Lair:1   | Reached skill level 5 in Armour
 12336 | Lair:1   | Gained mutation: Your flesh is heat resistant. (rF+)
                  | [potion of mutation]
 12336 | Lair:1   | Gained mutation: You possess an exceptional clarity of
                  | mind. [potion of mutation]
 12632 | Lair:2   | Noticed a catoblepas
 12635 | Lair:2   | You fall into a shaft and drop 2 floors!
 12640 | Lair:4   | Noticed a six-headed hydra
 12650 | Lair:4   | Killed a six-headed hydra
 13038 | Lair:3   | Reached XP level 12. HP: 73/130 MP: 12/12
 13226 | Lair:3   | Found a staircase to the Snake Pit.
 14019 | Lair:3   | Found a staircase to the Shoals.
 14704 | Lair:4   | Noticed a five-headed hydra
 14710 | Lair:4   | Killed a five-headed hydra
 15192 | Lair:5   | Entered Level 5 of the Lair of Beasts
 15227 | Lair:5   | Noticed Sonja
 15231 | Lair:5   | Killed Sonja
 16058 | Lair:5   | Reached skill level 5 in Translocations
 16942 | Lair:5   | Reached XP level 13. HP: 137/144 MP: 13/13
 17536 | Lair:5   | Got the Guide on Congealing Grit
 17885 | Lair:5   | Found a runed translucent gate.
 17885 | Lair:5   | Found a runed translucent gate.
 17885 | Lair:5   | Found a runed translucent gate.
 17885 | Lair:5   | Noticed an acid blob
 17885 | Lair:5   | Noticed an azure jelly
 17885 | Lair:5   | Noticed an acid blob
 17885 | Lair:5   | Noticed an acid blob
 17885 | Lair:5   | Noticed a rockslime
 17886 | Lair:5   | Found a viscous altar of Jiyva.
 17886 | Lair:5   | Noticed an azure jelly
 17886 | Lair:5   | Noticed Hetipnorha's ghost (journeyman DgHu)
 17886 | Lair:5   | Noticed a quicksilver ooze
 17886 | Lair:5   | Noticed an azure jelly
 17886 | Lair:5   | Noticed an acid blob
 17886 | Lair:5   | Noticed a great orb of eyes
 17886 | Lair:5   | Noticed an acid blob
 17887 | Lair:5   | Noticed an acid blob
 18046 | Lair:5   | HP: 4/144 [four-headed hydra (6)]
 18050 | Lair:5   | Slain by a four-headed hydra

Illustrated notes

Levels and vault maps discovered:
D:1:      ebering_hopf_link, layout_loops_corners
D:2:      layout_loops_ring
D:3:      layout_basic, basic_ecumenical_altar
D:4:      layout_loops_ring, mainiacjoe_overflow_cross_hatched,
          gammafunk_ghost_smash, uniq_natasha
D:5:      cheibrodos_helix_gallery, layout_basic,
          mainiacjoe_overflow_tiny_flanked, mainiacjoe_overflow_brackets,
          mainiacjoe_overflow_small_starburst, minmay_temple_entry_mini_moons,
          kennysheep_flooded_box, minmay_starry_boxes, uniq_sigmund
D:6:      layout_basic, lemuel_doored_altar, uniq_maggie
D:7:      minmay_s_stair_smasher, layout_loops_cross,
          mainiacjoe_overflow_surrounded_room, kennysheep_mini_moat,
          mainiacjoe_overflow_alcove_2, mainiacjoe_overflow_chevrons,
          corner_web_ring, amcnicky_altar_lugonu_corruption
D:8:      layout_rooms, lemuel_mausoleum_altar_yredelemnul,
          gammafunk_temple_overflow_forgotten, dpeg_oklobed_lair
Lair:1:   layout_roguey, amcnicky_mini_pool_medium, serial_bayou_shore_b,
          uniq_fannar
Lair:2:   layout_hall_layers, infiniplex_staircase_pool_2, serial_bayou_shore_a
Lair:3:   layout_misc_corridors, minmay_shoals_entry_lonely_mermaid,
          minmay_snake_entry_guardpost_small, grunt_megastairs_4
Lair:4:   layout_cave_pods, infiniplex_staircase_pool
Lair:5:   minmay_lair_end_frog_pond, layout_big_grid,
          minmay_slime_entry_oklob_open, gammafunk_ghost_ooze, uniq_sonja

Skill      XL: |  1  2  3  4  5  6  7  8  9 10 11 12 13 |
---------------+----------------------------------------+-----
Fighting       | 3 4 6 7 9 10 11 13 | 13.6
Axes           | 4 5 6 |  6.6
Armour         | 1 2 3 4 5 6 |  6.5
Dodging        | 3 4 5 6 |  6.6
Stealth        | 1 |  1.0
Maces & Flails | 1 3 7 9 11 12 13 | 13.3
Translocations | 1 2 4 5 |  5.5
Throwing       | |  2.0
Spellcasting   | |  0.6

Action                   |  1- 3 |  4- 6 |  7- 9 | 10-12 | 13-15 || total
-------------------------+-------+-------+-------+-------+-------++-------
Melee: War axe           |    95 |   152 |    30 |       |       ||   277
       Dire flail        |       |       |   160 |   464 |   123 ||   747
       Punch             |       |       |     1 |       |       ||     1
 Cast: Blink             |       |       |       |     3 |     4 ||     7
  Use: Scroll            |     4 |     5 |     7 |     6 |       ||    22
       Potion            |       |     3 |     1 |     2 |     1 ||     7
 Stab: Sleeping          |     2 |     4 |     3 |     3 |       ||    12
Armor: Robe              |    23 |    47 |    36 |       |       ||   106
       Steam dragon scal |       |       |    29 |   125 |    39 ||   193
Dodge: Dodged            |    54 |    87 |   136 |   292 |   110 ||   679

Table legend: (Time is in decaauts)
 A = Elapsed time spent in this place.
 B = Non-inter-level travel time spent in this place.
 C = Inter-level travel time spent in this place.
 D = Time resting spent in this place.
 E = Time spent auto-exploring this place.
 F = Levels seen in this place.
 G = Mean time per level.
                   A        B        C        D        E       F      G
               +--------+--------+--------+--------+--------+-----+--------+
         Total |  17975 |  17489 |    486 |   4115 |  10570 |  13 | 1382.7 |
       Dungeon |  10343 |   9932 |    411 |   1437 |   6749 |   8 | 1292.9 |
          Lair |   7631 |   7556 |     75 |   2678 |   3821 |   5 | 1526.2 |
               +--------+--------+--------+--------+--------+-----+--------+

Top non-repeatable levels by time:
  Lair:4: 2495 daAuts
     D:4: 2145 daAuts
  Lair:1: 2034 daAuts
  Lair:5: 1436 daAuts
     D:3: 1394 daAuts
  Lair:3: 1373 daAuts
     D:7: 1352 daAuts
     D:5: 1269 daAuts
     D:6: 1213 daAuts
     D:1: 1063 daAuts
     D:2: 1035 daAuts
     D:8: 869 daAuts
  Lair:2: 291 daAuts
